 Dungeon Crawl Stone Soup version 0.29.1-15-g9cfb28693d (webtiles) character file.

Game seed: 12199981629887393851

121 Lolow the Conjurer (level 5, -1/36 HPs)
             Began as a Human Conjurer on May 14, 2023.
             Was a Believer of Vehumet.
             Slain by an orc
             ... wielding a +0 flail
              (2 damage)
             ... on level 3 of the Dungeon.
             The game lasted 00:27:34 (2902 turns).

Lolow the Conjurer (Human Conjurer)                 Turns: 2902, Time: 00:27:35

Health: -1/36      AC:  2    Str:  7    XL:     5   Next: 26%
Magic:  9/9        EV: 27    Int: 18    God:    Vehumet [**....]
Gold:   108        SH:  0    Dex: 14    Spells: 7/9 levels left

rFire   . . .      SeeInvis .   a - +0 rapier
rCold   . . .      Faith    .   (no shield)
rNeg    . . .      Spirit   .   f - +0 robe
rPois   .          Reflect  .   (no helmet)
rElec   .          Harm     .   (no cloak)
rCorr   .          Rampage  .   (no gloves)
Will    .....                   (no boots)
Stlth   ++........              l - amulet of the acrobat
HPRegen 0.12/turn               (no ring)
MPRegen 0.11/turn               (no ring)

@: acrobatic
A: no striking features
a: Renounce Religion


You were on level 3 of the Dungeon.
You worshipped Vehumet.
Vehumet was pleased with you.
You visited 1 branch of the dungeon, and saw 3 of its levels.

You collected 108 gold pieces.

Inventory:

Hand Weapons
 a - a +0 rapier (weapon)
 b - a +0 sling
 q - a +0 dagger
Missiles
 c - 5 atropa-tipped darts
 i - 24 stones
 m - 3 boomerangs
Armour
 f - a +0 robe (worn)
 u - a +0 kite shield
Jewellery
 l - an amulet of the acrobat (around neck)
 o - an amulet of magic regeneration
Wands
 e - a wand of charming (3)
Scrolls
 g - a scroll of enchant armour {unknown}
 j - a scroll of teleportation {unknown}
 k - 2 scrolls of fear
 n - 2 scrolls of magic mapping
 p - a scroll of poison {unknown}
 r - a scroll of fog {unknown}
 s - a scroll of noise {unknown}
 t - 2 scrolls of identify {unknown}
Potions
 d - a potion of mutation {unknown}
 h - a potion of brilliance {unknown}
 v - a potion of degeneration {unknown}


   Skills:
 + Level 0.4 Fighting
 + Level 0.9 Short Blades
 + Level 1.4 Ranged Weapons
 + Level 2.6 Dodging
 + Level 2.3 Stealth
 + Level 2.7 Spellcasting
 + Level 4.7 Conjurations
 + Level 0.2 Ice Magic


You had 7 spell levels left.
You knew the following spells:

 Your Spells              Type           Power      Damage    Failure   Level
a - Magic Dart            Conj           76%        1d6       2%          1
b - Freeze                Ice            12%        1d4       16%         1

Your spell library contained the following spells:

 Spells                   Type           Power      Damage    Failure   Level
 Frozen Ramparts          Ice            6%         1d1       41%         3
 Searing Ray              Conj           38%        2d5       3%          2
 Dazzling Flash           Conj/Hex       22%        N/A       19%         3
 Fulminant Prism          Conj/Hex       5%         3d7       54%         4
 Iskenderun's Mystic Bla  Conj/Tloc      11%        2d4       54%         4
 Starburst                Conj/Fire      5%         6d4       100%        6


Dungeon Overview and Level Annotations

Branches:
Dungeon (3/15)

Altars:
Vehumet

Annotations:
D:2 Terence


Message History

You closely miss the orc. The orc barely misses you. x2
You hit the orc.
The orc is heavily wounded.
The orc hits you with a +0 flail. The orc hits you with a +0 hand axe.
You hit the orc.
The orc is severely wounded.
The orc hits you with a +0 hand axe. The orc hits you with a +0 flail.
The orc hits you with a +0 flail. The orc barely misses you.
You climb upwards.
Level annotation: Terence
There is a stone staircase leading down here.
You closely miss the orc.
The orc is severely wounded.
The orc completely misses you. The orc barely misses you.
You can't go up here!
The orc hits you with a +0 hand axe. The orc closely misses you.
You climb downwards.
There is a stone staircase leading up, spattered with blood here.
The orc attacks as you move away! The orc barely misses you.
The orc attacks as you move away! The orc completely misses you.
The orc attacks as you move away! The orc completely misses you.
The orc completely misses you.
There is an open door here.
The orc attacks as you move away! The orc completely misses you.
The orc attacks as you move away! The orc completely misses you.
The orc attacks as you move away! The orc closely misses you.
The orc attacks as you move away! The orc barely misses you.
The orc attacks as you move away! The orc barely misses you.
The orc attacks as you move away! The orc completely misses you.
The orc attacks as you move away! The orc barely misses you.
The orc attacks as you move away! The orc closely misses you.
There is an open door here.
You barely miss the orc. The orc hits you with a +0 flail!
* * * LOW HITPOINT WARNING * * *
The orc hits you with a +0 flail!
* * * LOW HITPOINT WARNING * * *
The orc attacks as you move away! The orc closely misses you.
The orc attacks as you move away! The orc completely misses you.
The orc attacks as you move away! The orc hits you with a +0 flail.
You die...

#)........#######.........
###.......###>##..........
####......#....#..........
#.........#.)..'..........
#..............#..........
#.........................
#...........o.........##..
#.....................##..
#........@o.........####..
#...........#..###........
#...........##............
#........#####............
##.......### #............
#.........###............
#........................
#................##+#....
#.......##...........#.##


You could see 2 orcs.

Vanquished Creatures
  4 adders
  3 worms (D:3)
  2 dart slugs
  An orc (D:2)
  7 ball pythons
  3 bats (D:3)
  4 endoplasms
  A giant cockroach (D:3)
  8 goblins
  5 hobgoblins
  8 jackals (D:3)
  6 kobolds
  2 quokkas
  3 frilled lizards
  11 rats
68 creatures vanquished.

Notes
Turn   | Place    | Note
-------+----------+-------------------------------------------
     0 | D:1      | Lolow the Human Conjurer began the quest for the Orb.
     0 | D:1      | Reached XP level 1. HP: 13/13 MP: 3/3
    97 | D:1      | Reached XP level 2. HP: 19/19 MP: 3/5
   210 | D:1      | Found a faded altar of an unknown god.
   223 | D:1      | Prayed at the altar of an unknown god.
   223 | D:1      | Became a worshipper of Vehumet
   223 | D:1      | Reached * piety under Vehumet
   223 | D:1      | Offered knowledge of Freeze by Vehumet.
   226 | D:1      | Learned a level 1 spell: Freeze
   545 | D:1      | Reached XP level 3. HP: 24/24 MP: 4/6
  1142 | D:2      | Noticed Terence
  1430 | D:2      | Reached ** piety under Vehumet
  1430 | D:2      | Offered knowledge of Foxfire by Vehumet.
  1431 | D:2      | Reached XP level 4. HP: 30/30 MP: 7/7
  1913 | D:3      | Reached skill level 1 in Ranged Weapons
  2311 | D:3      | Reached XP level 5. HP: 33/35 MP: 2/9
  2503 | D:3      | Offered knowledge of Frozen Ramparts by Vehumet.
  2896 | D:3      | HP: 1/36 [orc/+0 flail (8)]
  2902 | D:3      | Slain by an orc

Illustrated notes

Levels and vault maps discovered:
D:1:      amcnicky_arrival_feature_with_door, layout_loops_cross,
          ebering_ecumenical_altar_sacrificial, minmay_pentomino_p2
D:2:      layout_basic, minmay_rat_gold_closets, uniq_terence
D:3:      layout_basic, minmay_fractal_squares_5

Skill      XL: |  1  2  3  4 |
---------------+-------------+-----
Ranged Weapons | 1 |  1.4
Fighting       | |  0.4
Short Blades   | |  0.9
Dodging        | |  2.6
Stealth        | |  2.3
Spellcasting   | |  2.7
Conjurations   | |  4.7
Ice Magic      | |  0.2

Action                   |  1- 3 |  4- 6 || total
-------------------------+-------+-------++-------
Melee: Unarmed           |     2 |       ||     2
       Dagger            |    15 |       ||    15
       Rapier            |     3 |    87 ||    90
 Fire: Sling             |    18 |    31 ||    49
 Cast: Magic Dart        |    31 |    44 ||    75
       Freeze            |     4 |    10 ||    14
  Use: Scroll            |     1 |     2 ||     3
       Potion            |       |     3 ||     3
 Stab: Sleeping          |     3 |     1 ||     4
Armor: Robe              |     3 |    15 ||    18
Dodge: Dodged            |    17 |   109 ||   126
